 Dungeon Crawl Stone Soup version 0.21.1-1-g345015f (webtiles) character file.

580 teukkam the Covered (level 7, -4/61 HPs)
             Began as a Minotaur Fighter on Feb 22, 2018.
             Was a Follower of Wu Jian.
             Slain by Crelarid's ghost (11 damage)
             ... on level 4 of the Dungeon.
             The game lasted 00:16:42 (3408 turns).

teukkam the Covered (Minotaur Fighter)              Turns: 3408, Time: 00:16:43

Health: -4/61      AC:  8    Str: 28    XL:     7   Next: 13%
Magic:  6/6        EV:  8    Int:  5    God:    Wu Jian [*.....]
Gold:   127        SH: 10    Dex:  9    Spells: 6/6 levels left

rFire    . . .     SeeInvis .   a - +0 war axe
rCold    . . .     Gourm    .   c - +0 shield
rNeg     . . .     Faith    .   b - +0 scale mail
rPois    .         Spirit   .   (helmet restricted)
rElec    .         Reflect  .   (no cloak)
rCorr    .         Harm     .   l - +0 pair of gloves
MR       .....                  (no boots)
Stlth    ..........             e - amulet of inaccuracy
HPRegen  0.20/turn              (no ring)
MPRegen  0.10/turn              (no ring)

@: mighty
A: retaliatory headbutt, horns 2
a: Renounce Religion


You were on level 4 of the Dungeon.
You worshipped Wu Jian.
Wu Jian was aware of your devotion.
You were not hungry.

You visited 1 branch of the dungeon, and saw 4 of its levels.

You collected 127 gold pieces.

Inventory:

Hand Weapons
 a - a +0 war axe (weapon)
 h - a +3 whip
Missiles
 m - 3 javelins of penetration (quivered)
 s - 4 tomahawks
Armour
 b - a +0 scale mail (worn)
 c - a +0 shield (worn)
 l - a +0 pair of gloves (worn)
Jewellery
 e - an amulet of inaccuracy (around neck)
Scrolls
 j - 2 scrolls of identify
 p - a scroll of remove curse
 q - a scroll of teleportation {unknown}
 r - a scroll of enchant weapon {unknown}
 t - a scroll of noise {unknown}
Comestibles
 f - 5 rations


   Skills:
 + Level 5.5 Fighting
 + Level 4.7 Axes
 + Level 2.8 Throwing
 + Level 5.6 Armour
 + Level 5.4 Shields


You had 6 spell levels left.
You didn't know any spells.

Dungeon Overview and Level Annotations

Branches:
Dungeon (4/15)
 Temple: D:4-7

Altars:
Dithmenos
Okawaru
Wu Jian

Annotations:
D:4 Crelarid's ghost, novice GnSk


Innate Abilities, Weirdness & Mutations

You reflexively headbutt those who attack you in melee.
You have a pair of horns on your head.


Message History

You barely miss Crelarid's ghost.
Crelarid's ghost is lightly damaged.
You block Crelarid's ghost's attack.
You miss Crelarid's ghost. Your headbutt misses Crelarid's ghost.
Crelarid's ghost is lightly damaged.
You block Crelarid's ghost's attack.
You miss Crelarid's ghost. Your headbutt misses Crelarid's ghost.
Crelarid's ghost is lightly damaged.
Crelarid's ghost misses you. You block Crelarid's ghost's attack.
You barely miss Crelarid's ghost. Your headbutt misses Crelarid's ghost.
Crelarid's ghost is lightly damaged.
Crelarid's ghost hits you!
* * * LOW HITPOINT WARNING * * *
You closely miss Crelarid's ghost.
Crelarid's ghost is lightly damaged.
You block Crelarid's ghost's attack.
You miss Crelarid's ghost. Your headbutt misses Crelarid's ghost.
Crelarid's ghost is lightly damaged.
Crelarid's ghost misses you. Crelarid's ghost hits you!
You die...

**,,* *** **,,,, *,**** ******
**,,,,, *,,,,*** *,,,.## *,,,,,,
****,,.#** **,,..# *,,,,,,
***...#** *,,..# **,,,,,
**#...##***,..## **,,,,
*##...###,...# *,,,,
#....@W##...# **,,*
*********#.####......### ****,
**≈≈≈≈≈≈≈≈*,* ###).....##**,,,,
*≈********,,* ##........,,,,**
*≈**,≈≈,≈**** #.........,,***,
*,*≈*****≈* #.........,,**,,
*≈*≈*∩≈**≈* ##)........,,,,,,
*,*≈***,*≈##* #...#......,,,*,,
*≈*,≈≈≈**,#.####))###..<..,,,,*,


You could see Crelarid's ghost.

Vanquished Creatures
  The ghost of Autsider the Poker, an amateur MfSk (D:3)
  2 hounds
  An orc priest (D:3)
  3 orc wizards (D:4)
  Natasha (thrice) (D:3)
  3 worker ants
  Robin (D:2)
  4 adders
  3 worms (D:3)
  5 dart slugs
  A leopard gecko (D:2)
  14 orcs
  3 ball pythons
  6 giant cockroaches
  16 goblins
  10 hobgoblins
  3 jackals (D:2)
  12 kobolds
  5 bats
  6 frilled lizards
  8 rats
110 creatures vanquished.

Notes
Turn   | Place    | Note
-------+----------+-------------------------------------------
     0 | D:1      | teukkam the Minotaur Fighter began the quest for the Orb.
     0 | D:1      | Reached XP level 1. HP: 19/19 MP: 0/0
   187 | D:1      | Reached XP level 2. HP: 25/27 MP: 1/1
   860 | D:2      | Reached XP level 3. HP: 33/33 MP: 2/2
   966 | D:2      | Found an iron altar of Okawaru.
   991 | D:2      | Reached XP level 4. HP: 32/40 MP: 3/3
  1106 | D:2      | Noticed Robin
  1119 | D:2      | Killed Robin
  1119 | D:2      | Reached skill level 1 in Throwing
  1207 | D:2      | Found a shadowy altar of Dithmenos.
  1219 | D:2      | Found an ornate altar of the Wu Jian Council.
  1227 | D:2      | Became a worshipper of the Wu Jian Council
  1568 | D:3      | Noticed Natasha
  1574 | D:3      | Killed Natasha
  1574 | D:3      | Reached XP level 5. HP: 32/47 MP: 4/4
  1807 | D:3      | Noticed Autsider's ghost (amateur MfSk)
  2267 | D:3      | Reached skill level 5 in Armour
  2407 | D:3      | Noticed Natasha
  2426 | D:3      | Killed Natasha
  2530 | D:3      | Reached XP level 6. HP: 40/55 MP: 5/5
  2583 | D:3      | Reached * piety under Wu Jian
  2673 | D:3      | Reached skill level 5 in Fighting
  2728 | D:3      | Reached skill level 5 in Shields
  2740 | D:3      | Noticed Natasha
  2749 | D:3      | Killed Natasha
  2869 | D:3      | Killed Autsider's ghost
  3323 | D:4      | Reached XP level 7. HP: 31/61 MP: 6/6
  3386 | D:4      | Noticed Crelarid's ghost (novice GnSk)
  3408 | D:4      | Slain by Crelarid's ghost

Skill      XL: |  1  2  3  4  5  6 |
---------------+-------------------+-----
Armour         | 4 5 |  5.6
Fighting       | 4 5 |  5.5
Shields        | 4 5 |  5.4
Axes           | 3 4 |  4.7
Throwing       | 1 2 |  2.8

Action                   |  1- 3 |  4- 6 |  7- 9 || total
-------------------------+-------+-------+-------++-------
Melee: War axe           |    97 |   271 |    64 ||   432
       Headbutt          |     9 |    35 |     1 ||    45
Throw: Javelin           |    10 |    31 |       ||    41
       Tomahawk          |       |     8 |       ||     8
Invok: Lunge             |       |     9 |       ||     9
       Whirlwind         |       |    40 |       ||    40
  Use: Potion            |       |     3 |     4 ||     7
       Scroll            |       |     2 |     2 ||     4
  Eat: Chunk             |       |     9 |       ||     9
Armor: Scale mail        |    57 |    94 |    23 ||   174
       Skin              |       |       |    57 ||    57
Dodge: Dodged            |    50 |   101 |     8 ||   159
Block: Shield            |    67 |   168 |    34 ||   269
